 Dungeon Crawl Stone Soup version 0.28-a0-941-g140ffa10cf (webtiles) character file.

Game seed: 16522166658827157918

257746 Glundar the Warrior (level 19, 0/132 HPs)
             Began as a Gargoyle Berserker on Nov 28, 2021.
             Was the Champion of Trog.
             Slain by an unseen horror (7 damage)
             ... on level 3 of the Abyss on Nov 29, 2021.
             The game lasted 05:50:57 (49859 turns).

Glundar the Warrior (Gargoyle Berserker)           Turns: 49859, Time: 05:50:58

Health: 0/132      AC: 51    Str: 21 (24) XL:     19   Next: 85%
Magic:  13/13      EV: 12    Int:  2 (5)  God:    Trog [******]
Gold:   2495       SH: 13    Dex:  6 (7)  Spells: 18/18 levels left

rFire   . . .      SeeInvis .   a - +9 hand axe "Telu" {protect, rC+ Dex+2 Stlth+}
rCold   + + .      Faith    .   S - +2 kite shield {reflect}
rNeg    + . .      Spirit   .   n - +1 scale mail {rC+}
rPois   ∞          Reflect  +   e - +0 helmet
rElec   +          Harm     .   m - +2 cloak
rCorr   .          Rampage  .   l - +0 pair of gloves
Will    +....      Rage     9%  y - +1 pair of boots
Stlth   .......... Rnd*Tele +   Y - amulet of regeneration
HPRegen 0.00/turn               g - +4 ring of protection
MPRegen 0.13/turn               f - ring of the Tortoise {AC+8}

@: berserking (expiring), under a protective aura, flying, inhibited regen,
unable to read, very quick
A: sickness immunity, AC +14, big wings, negative energy resistance 1,
electricity resistance, torment resistance 1, petrification resistance, hooves
1, clumsy 2, deformed body, deterioration 2, weak 2, inability to read while
threatened, [berserk 3], dopey 1[+1], [frail 3], [low mp 3], screaming 1[+1],
[inhibited regeneration], [teleportitis 3], no potion heal 1[+1], [subdued magic
3]
}: 2/15 runes: decaying, serpentine
a: Renounce Religion, Berserk, Trog's Hand, Brothers in Arms


You were on level 3 of the Abyss.
You worshipped Trog.
Trog was exalted by your worship.
You visited 8 branches of the dungeon, and saw 36 of its levels.
You visited the Abyss 1 time.

You collected 3361 gold pieces.
You spent 866 gold pieces at shops.

Inventory:

Hand Weapons
 a - the +9 hand axe "Telu" (weapon) {protect, rC+ Dex+2 Stlth+}
   (You took it off an orc wizard on level 8 of the Dungeon)

   It grants its wielder temporary protection when it strikes (+7 to AC).
   Dex:       It affects your dexterity (+2).
   rC:        It protects you from cold.
   Stlth:     It makes you more stealthy.
 b - the +8 hand crossbow of Due Proportion {freeze, rPois Will+ Dex+5}
   (You found it on level 14 of the Dungeon)

   Any ammunition fired from it freezes those it strikes, dealing additional
   cold damage.
   It can also slow down cold-blooded creatures.
   Dex:       It affects your dexterity (+5).
   rPois:     It protects you from poison.
   Will:      It increases your willpower.
 z - a +8 antimagic broad axe
 H - a +4 flail of flaming
Missiles
 o - 10 curare-tipped darts (quivered)
 v - 200 sling bullets
 C - 488 bolts
 I - 93 poisoned darts
Armour
 e - a +0 helmet (worn)
 l - a +0 pair of gloves (worn)
 m - a +2 cloak (worn)
 n - a +1 scale mail of cold resistance (worn)
 y - a +1 pair of boots (worn)
 S - a +2 kite shield of reflection (worn)
Jewellery
 c - the amulet of Sywoten {Reflect rC++ SH+5}
   (You acquired it on level 4 of the Swamp)

   [amulet of reflection]

   It reflects blocked missile attacks.
   rC:        It greatly protects you from cold.
   SH:        It affects your SH (+5).
 f - the ring of the Tortoise (right hand) {AC+8}
   (You acquired it on level 6 of the Dungeon)

   [ring of protection]

   AC:        It affects your AC (+8).
 g - a +4 ring of protection (left hand)
 x - a ring of protection from fire
 D - a ring of resist corrosion
 Q - a ring of positive energy
 R - a ring of ice
 Y - an amulet of regeneration (around neck)
Wands
 h - a wand of charming (9)
 j - a wand of flame (92)
 r - a wand of iceblast (12)
 w - a wand of acid (47)
 J - a wand of digging (2)
 K - a wand of paralysis (11)
 T - a wand of mindburst (37)
 V - a wand of polymorph (31)
Scrolls
 i - 6 scrolls of blinking
 t - 13 scrolls of teleportation
 A - a scroll of summoning
 E - a scroll of silence
 F - 3 scrolls of fog
 L - a scroll of fear
 M - 4 scrolls of enchant weapon
 N - 8 scrolls of enchant armour
 P - 2 scrolls of holy word
 U - 5 scrolls of magic mapping
 X - 11 scrolls of identify
Potions
 d - 3 potions of heal wounds
 k - 5 potions of lignification
 p - 11 potions of haste
 q - 2 potions of invisibility
 s - 3 potions of attraction
 u - 7 potions of cancellation
 B - 9 potions of curing
 G - 3 potions of might
 O - 4 potions of mutation
 W - 3 potions of berserk rage
 Z - 2 potions of ambrosia


   Skills:
 + Level 16.8 Fighting
 + Level 13.4(13.8) Axes
 - Level 5.7(11.1) Maces & Flails
 - Level 10.4 Slings
 - Level 10.0 Crossbows
 + Level 16.5 Armour
 + Level 13.0 Dodging
 + Level 14.5 Shields


You had 18 spell levels left.
You didn't know any spells.
Your spell library was empty.

Dungeon Overview and Level Annotations

Branches:
Dungeon (15/15)            Temple (1/1) D:5            Lair (6/6) D:9
  Swamp (4/4) Lair:3        Snake (4/4) Lair:4        Slime (2/5) Lair:5
    Orc (2/2) D:10            Elf (0/3) Orc:2        Vaults (2/5) D:14
 Depths (0/4) D:15
  Crypt: Vaults:2-3

Altars:
Ashenzari
Cheibriados
Dithmenos
Elyvilon
Fedhas
Gozag
Hepliaklqana
Kikubaaqudgha
Makhleb
Nemelex Xobeh
Okawaru
Qazlal
Ru
Sif Muna
Trog
Uskayaw
Vehumet
Wu Jian
Xom
Yredelemnul
Zin
The Shining One
Beogh
Jiyva

Shops:
D:2 [   D:5 [   D:8 :[*   D:11 =   Orc:2 (::!   Snake:1 *   Snake:4 *=?


Innate Abilities, Weirdness & Mutations

You are immune to sickness and miasma.
Your stone body is resilient. (AC +14)
You are immune to poison.
Your large and strong wings let you fly.
You resist negative energy. (rN+)
You are resistant to electric shocks. (rElec)
You are resistant to unholy torment.
You are immune to petrification.
You have large cloven feet.
You are very clumsy. (Dex -4)
Armour fits poorly on your strangely shaped body.
Your body often deteriorates upon taking damage.
You are very weak. (Str -4)
You sometimes lose the ability to read scrolls when taking damage.
[You have an uncontrollable temper.]
[You are very dopey. (Int -4)]
[You are extremely frail. (-30% HP)]
[Your magical capacity is extremely low. (-30% MP)]
[You frequently scream uncontrollably at your foes.]
[You do not regenerate when monsters are visible.]
[You are often teleported next to monsters.]
[Potions cannot restore your health.]
[Your spells are much easier to cast, but much less powerful.]


Message History

* * * LOW HITPOINT WARNING * * *
You slash the ghost crab!
You destroy the ghost crab!
Trog accepts your kill.
You hit the ancient zyme.
The ynoxinul gestures.
You are too berserk!
You slash the neqoxec!
You kill the neqoxec!
Trog accepts your kill.
You slash the ancient zyme!
The Executioner gestures.
The Executioner seems to speed up.
An iron imp comes into view.
The wretched star pulses with an eldritch light!
Your system completely rejects the healing effects of potions.
You block the ancient zyme's attack.
The ancient zyme hits you but does no damage.
Press: ? - help, v - describe, . - travel The floor.
The Executioner hits you but does no damage.
You block the Executioner's attack. x2
Things that are here:
a raiju corpse; a raiju corpse You feel a strong urge to attack something.
The Executioner misses you.
The Executioner hits you but does no damage. x2
Something hits you but does no damage.
Deactivating autopickup; reactivate with Ctrl-A.
You hit the Executioner.
The Executioner is lightly wounded.
You barely miss something.
The Executioner hits you but does no damage.
You block the Executioner's attack. The Executioner barely misses you.
Something hits you but does no damage. You block the Executioner's attack. x2
The Executioner hits you but does no damage.
You hit the Executioner but do no damage.
The Executioner is lightly wounded.
You slash something! Something hits you!
You die...

#.X###..#.
.. p # . #
X#.#35 #
## .# #
.X5*# #.
## .
.#.####..#
. . #
#.L#... .#
. . #..x#
.#. ##.#X#
( # .
#1##.x2
#...#@# .
# #.#..{##
.. #..#. #
#..#..# #
.##### .


You could see an Executioner (fast).

Vanquished Creatures
  Vashnia (Snake:4)
  A lich (Abyss:3)
  A tentacled monstrosity (Swamp:4)
  Mlioglotl (Snake:4)
  An acid blob (Slime:1)
  5 thorn hunters
  4 fenstrider witches
  A fire giant (D:14)
  An azure jelly (Lair:5)
  5 nagarajas
  A ghoul (Swamp:4)
  A reaper (Swamp:4)
  4 ironbound preservers
  Nessos (Lair:6)
  2 stone giants
  7 dire elephants
  6 bunyips
  An entropy weaver (Vaults:1)
  2 eleionomae
  An ettin (Vaults:2)
  A green death (Abyss:3)
  A blizzard demon (Swamp:4)
  A shambling mangrove (Swamp:4)
  Fannar (D:10)
  A yaktaur captain (Vaults:1)
  15 naga warriors
  Erolcha (Orc:2)
  An ironbound thunderhulk (Vaults:1)
  5 ghost crabs
  A catoblepas (D:15)
  2 spriggan air magi
  A boulder beetle (Lair:5)
  14 hydras
  11 anacondas
  2 salamander tyrants (Snake:4)
  Erica (D:8)
  6 centaur warriors
  5 ogre magi
  13 alligators
  4 death yaks
  A tengu warrior (D:15)
  10 two-headed ogres
  5 shock serpents
  Nergalle (D:9)
  23 naga sharpshooters
  A soul eater (Swamp:4)
  21 spriggans
  A fire crab (Lair:5)
  A wretched star (Abyss:3)
  6 goliath frogs
  A spectral death yak (Lair:5)
  A skeletal warrior (D:14)
  15 deep trolls
  A spectral anaconda (Lair:6)
  5 spriggan druids (Swamp:4)
  2 sixfirhies (Swamp:4)
  10 salamander mystics
  An obsidian statue (Lair:6)
  3 bog bodies
  3 harpies (Vaults:2)
  2 wizards
  4 swamp dragons
  5 ironbound convokers
  2 lindwurms (Vaults:1)
  2 deep elf pyromancers
  4 naga ritualists
  A faun (shapeshifter) (Vaults:1)
  6 cyclopes
  2 orc knights (D:10)
  4 will-o-the-wisps
  14 orc sorcerers
  5 necromancers
  2 deep elf zephyrmancers
  7 mana vipers
  An oklob plant (Lair:5)
  27 ugly things
  9 elephants
  3 shining eyes (Slime:1)
  17 salamanders
  A dire elephant zombie (Lair:6)
  A manticore (D:15)
  4 guardian serpents
  11 naga magi
  A smoke demon (Abyss:3)
  4 centaur skeletons (D:14)
  A gargoyle (D:13)
  27 black mambas
  A vault sentinel (D:14)
  Maurice (D:10)
  2 orange demons (Swamp:4)
  2 unseen horrors
  5 cane toads
  6 yaktaurs (Vaults:1)
  A kobold demonologist (D:14)
  17 rime drakes
  3 tengu conjurers
  11 komodo dragons
  6 trolls
  A freezing wraith (Abyss:3)
  3 meliai (D:13)
  A jumping spider (shapeshifter) (D:13)
  A silent spectre (Abyss:3)
  A jumping spider (Vaults:2)
  A queen bee (Lair:1)
  A queen bee (shapeshifter) (D:15)
  2 polar bears (Lair:5)
  17 blink frogs
  25 slime creatures
  6 tyrant leeches
  17 hornets
  A blink frog (shapeshifter) (D:15)
  2 spectral elephants (Lair:6)
  2 raiju (Abyss:3)
  The ghost of Conn the Firebug, an amateur OpFE of Sif Muna (D:6)
  A large abomination (Abyss:3)
  4 shadows
  A vampire (D:9)
  Sigmund (D:6)
  36 yaks
  A dire elephant simulacrum (Lair:6)
  A tarantella (Vaults:1)
  2 wyverns
  4 basilisks
  7 water elementals
  A wraith (D:10)
  2 neqoxecs
  5 chaos spawn
  8 steam dragons
  Menkaure (D:7)
  A spectral cane toad (Lair:5)
  16 vampire mosquitoes
  47 nagas
  13 swamp worms
  3 death yak simulacra (Lair:6)
  The ghost of drclinical the Sneak, an amateur OpEn (D:3)
  A warg (D:10)
  Duvessa (D:6)
  14 orc warriors
  11 water moccasins
  An elephant zombie (Lair:6)
  A sky beast (D:4)
  An ice beast (D:6)
  A black bear (D:6)
  A swamp drake (Swamp:1)
  2 hornet zombies
  10 ogres
  5 centaurs
  2 small abominations (Abyss:3)
  2 phantoms
  5 kobold brigands
  13 bullfrogs
  2 scorpions
  A gnoll sergeant (D:9)
  A cane toad simulacrum (Lair:6)
  A water moccasin zombie (D:3)
  A wyvern skeleton (D:7)
  A water moccasin skeleton (D:5)
  Dowan (D:6)
  An elephant simulacrum (Lair:6)
  34 killer bees
  10 wights
  6 howler monkeys (D:7)
  17 electric eels
  A bullfrog zombie (D:6)
  6 centaur zombies
  A gnoll shaman (D:3)
  5 jellies
  15 orc priests
  3 hounds
  3 bullfrog skeletons
  5 iguanas
  27 orc wizards
  A hell rat (Lair:5)
  Terence (D:3)
  A killer bee zombie (D:8)
  8 ogre zombies (D:10)
  A hound zombie (D:5)
  A hound skeleton (D:4)
  7 adders
  9 gnolls
  A howler monkey skeleton (D:4)
  A shadow imp (D:8)
  A white imp (Abyss:3)
  2 ufetubi
  An adder skeleton (D:4)
  A worm (D:2)
  A worm (shapeshifter) (Vaults:1)
  3 dart slugs
  68 orcs
  4 endoplasms
  6 giant cockroaches
  7 goblins
  5 hobgoblins
  4 quokkas
  A ball python (D:1)
  8 bats
  A frilled lizard (D:3)
  A goblin skeleton (D:10)
  4 goblin zombies (D:10)
  2 hobgoblin skeletons (D:10)
  3 hobgoblin zombies (D:10)
  10 kobolds
  4 orc skeletons (D:10)
  11 orc zombies (D:10)
  3 rats
  A briar patch (Swamp:1)
  A butterfly (Lair:1)
  A lurking horror (Abyss:3)
1104 creatures vanquished.

Vanquished Creatures (others)
  2 ogre magi
  A naga warrior (Snake:3)
  A shock serpent (Snake:4)
  Sonja (Lair:2)
  A salamander mystic (Snake:4)
  A naga ritualist (Snake:4)
  A deep elf zephyrmancer (Swamp:4)
  A worldbinder (Abyss:3)
  An orange demon (Swamp:4)
  2 rime drakes
  A tengu conjurer (D:14)
  3 bloated husks
  A raiju (Abyss:3)
  An orc wizard (Orc:2)
  9 briar patches
  24 foxfires
  20 fungi
  34 plants
  18 withered plants (Lair:6)
123 creatures vanquished.

Grand Total: 1227 creatures vanquished

Notes
Turn   | Place    | Note
-------+----------+-------------------------------------------
     0 | D:1      | Glundar the Gargoyle Berserker began the quest for the Orb.
     0 | D:1      | Reached XP level 1. HP: 14/14 MP: 1/1
   179 | D:1      | Found a faded altar of an unknown god.
   477 | D:1      | Reached XP level 2. HP: 19/19 MP: 2/2
  1183 | D:2      | Reached XP level 3. HP: 20/24 MP: 3/3
  1535 | D:2      | Found Guighuithra's Armour Shop.
  2169 | D:2      | Bought a +0 pair of gloves for 54 gold pieces
  2195 | D:3      | Found a shimmering blue altar of Sif Muna.
  2230 | D:3      | Reached XP level 4. HP: 21/29 MP: 4/4
  2324 | D:3      | Noticed drclinical's ghost (amateur OpEn)
  2327 | D:3      | Found a runed translucent door.
  2408 | D:3      | Reached XP level 5. HP: 28/33 MP: 5/5
  2610 | D:3      | Reached ** piety under Trog
  2885 | D:3      | Reached skill level 1 in Slings
  2954 | D:3      | Noticed Terence
  2960 | D:3      | Killed Terence
  2961 | D:3      | Reached skill level 1 in Maces & Flails
  2961 | D:3      | Reached XP level 6. HP: 39/39 MP: 6/6
  3601 | D:5      | Entered Level 5 of the Dungeon
  3626 | D:4      | Noticed a sky beast
  3628 | D:4      | Reached XP level 7. HP: 38/44 MP: 7/7
  4038 | D:4      | Reached skill level 5 in Fighting
  5248 | D:6      | Noticed Sigmund
  5270 | D:5      | Found Fika's Armour Emporium.
  5295 | D:5      | Reached XP level 8. HP: 32/50 MP: 8/8
  5411 | D:5      | Found a staircase to the Ecumenical Temple.
  5505 | Temple   | Entered the Ecumenical Temple
  5890 | D:5      | Reached *** piety under Trog
  6035 | D:5      | Reached skill level 5 in Armour
  6475 | D:6      | Acquired the ring of the Tortoise {AC+8}
  6475 | D:6      | Found the ring of the Tortoise {AC+8}
  6524 | D:6      | Noticed Duvessa
  6526 | D:6      | Noticed Dowan
  6542 | D:6      | Killed Duvessa
  6557 | D:6      | Killed Dowan
  6614 | D:6      | Found a runed translucent door.
  6620 | D:6      | Found a radiant altar of Vehumet.
  6620 | D:6      | Noticed Conn's ghost (amateur OpFE)
  6652 | D:6      | Killed Conn's ghost
  6653 | D:6      | Reached XP level 9. HP: 38/56 MP: 9/9
  7533 | D:6      | Reached skill level 5 in Maces & Flails
  7539 | D:6      | Killed Sigmund
  7752 | D:6      | Reached skill level 5 in Dodging
  7878 | D:7      | Noticed Menkaure
  7885 | D:7      | Killed Menkaure
  7886 | D:7      | Reached skill level 1 in Shields
  7984 | D:7      | Reached skill level 5 in Slings
  8052 | D:7      | Reached **** piety under Trog
  8060 | D:7      | Reached XP level 10. HP: 48/63 MP: 10/10
  9100 | D:8      | Found an ornate altar of the Wu Jian Council.
  9648 | D:8      | Found Joetz's Book Shop.
  9651 | D:8      | Found Suoj Jit's Antique Armour Boutique.
  9653 | D:8      | Found Cuohaos's Assorted Antiques.
  9693 | D:8      | Identified the +9 hand axe "Telu" {protect, rC+ Dex+2
                  | Stlth+}
  9723 | D:8      | Noticed Erica
  9745 | D:8      | Killed Erica
  9929 | D:8      | Bought a glowing brown potion for 27 gold pieces
  9929 | D:8      | Bought a scroll of identify for 60 gold pieces
 10943 | D:9      | Noticed a death yak
 10944 | D:9      | Noticed a death yak
 10946 | D:9      | Noticed a death yak
 11019 | D:8      | Killed a death yak
 11020 | D:8      | Reached skill level 5 in Axes
 11020 | D:8      | Reached XP level 11. HP: 44/69 MP: 11/11
 11029 | D:8      | Killed a death yak
 11360 | D:8      | Killed a death yak
 11733 | D:9      | Found a staircase to the Lair.
 11782 | D:9      | Found a hazy altar of Hepliaklqana.
 11817 | D:9      | Found an ancient bone altar of Kikubaaqudgha.
 11820 | D:9      | Found a glowing golden altar of the Shining One.
 12046 | D:10     | Entered Level 10 of the Dungeon
 12049 | D:10     | Noticed Nergalle
 12105 | D:9      | Killed Nergalle
 12225 | D:9      | Found the +7 mace of Variability {chain chaos}
 12484 | D:9      | Found a shimmering altar of Xom.
 13330 | D:10     | Found a staircase to the Orcish Mines.
 13354 | D:10     | Reached ***** piety under Trog
 13491 | D:10     | Noticed Fannar
 13634 | D:2      | Bought a +0 cloak for 54 gold pieces
 13634 | D:2      | Bought a +0 kite shield for 54 gold pieces
 13755 | D:8      | Bought a pair of glowing boots for 217 gold pieces
 13826 | D:10     | Killed Fannar
 13827 | D:10     | Reached XP level 12. HP: 59/77 MP: 12/12
 14182 | D:10     | Found a glowing silver altar of Zin.
 14535 | D:11     | Found Dogget Reirr's Jewellery Shoppe.
 15005 | D:11     | Reached skill level 10 in Fighting
 15518 | D:11     | Found Dogget Reirr's Jewellery Shoppe.
 15801 | Lair:1   | Entered Level 1 of the Lair of Beasts
 15951 | Lair:1   | Reached skill level 5 in Shields
 16158 | Lair:1   | Noticed a four-headed hydra
 16205 | Lair:1   | Killed a four-headed hydra
 16861 | Lair:2   | Noticed Sonja
 16872 | Lair:2   | Killed Sonja
 17003 | Lair:2   | Reached skill level 10 in Armour
 18215 | Lair:1   | Reached XP level 13. HP: 72/83 MP: 13/13
 18278 | Lair:2   | Identified the +12 dagger "Earthworm" {vorpal, rCorr Int+3}
 18860 | Lair:3   | Found a staircase to the Swamp.
 18953 | Lair:3   | Identified the +6 broad axe of Juisuclo {vorpal, Will-
                  | Str+5} (Trog gifted it to you on level 3 of the Lair of
                  | Beasts)
 18953 | Lair:3   | Received a gift from Trog
 20535 | Lair:4   | Found a staircase to the Snake Pit.
 20881 | Lair:6   | Entered Level 6 of the Lair of Beasts
 21591 | Lair:5   | Identified the +2 great sword of Zices {protect, rElec rF-
                  | rC+ Dex+10}
 22373 | Lair:5   | Gained mutation: Your large and strong wings let you fly.
                  | [Gargoyle growth]
 22373 | Lair:5   | Reached XP level 14. HP: 84/91 MP: 14/14
 22414 | Lair:5   | Found a viscous altar of Jiyva.
 22414 | Lair:5   | Found a staircase to the Slime Pits.
 23262 | Lair:6   | Noticed Nessos
 23270 | Lair:6   | Killed Nessos
 23270 | Lair:6   | Received a gift from Trog
 23599 | Lair:6   | Noticed a dire elephant
 23599 | Lair:6   | Noticed a dire elephant
 23691 | Lair:6   | Noticed a dire elephant
 23692 | Lair:6   | Noticed a dire elephant
 23719 | Lair:6   | Killed a dire elephant
 24661 | Lair:6   | Killed a dire elephant
 24704 | Lair:6   | Killed a dire elephant
 24734 | Lair:6   | Killed a dire elephant
 25706 | D:3      | Killed drclinical's ghost
 25890 | D:12     | Reached skill level 10 in Slings
 27268 | D:13     | Reached XP level 15. HP: 85/97 MP: 15/15
 28171 | D:14     | Received a gift from Trog
 28298 | D:14     | Identified the +8 hand crossbow of Due Proportion {freeze,
                  | rPois Will+ Dex+5}
 28352 | D:14     | Found a gate to the Vaults.
 28407 | D:15     | Entered Level 15 of the Dungeon
 28485 | D:14     | Reached skill level 1 in Crossbows
 28746 | D:13     | Found a hazy altar of Hepliaklqana.
 29323 | D:14     | Reached skill level 10 in Axes
 29335 | D:14     | Reached skill level 10 in Dodging
 29634 | D:14     | Found a sacrificial altar of Ru.
 29828 | D:15     | Reached skill level 10 in Shields
 29867 | D:15     | Gained mutation: [Potions are less effective at restoring
                  | your health.] [a shining eye]
 30186 | D:15     | Reached ****** piety under Trog
 30206 | D:15     | Received a gift from Trog
 30475 | D:15     | Reached XP level 16. HP: 104/104 MP: 16/16
 30737 | D:15     | Found a staircase to the Depths.
 31048 | Orc:1    | Entered Level 1 of the Orcish Mines
 31053 | Orc:1    | Noticed Maurice
 31187 | D:10     | Killed Maurice
 31252 | Orc:2    | Entered Level 2 of the Orcish Mines
 31252 | Orc:2    | Found a staircase to the Elven Halls.
 31990 | Orc:2    | Found Yqisku's Antique Weapon Shoppe.
 32010 | Orc:2    | Found Ceosh's Book Emporium.
 32057 | Orc:2    | Found an ancient bone altar of Kikubaaqudgha.
 32092 | Orc:2    | Noticed Erolcha
 32113 | Orc:2    | Found a radiant altar of Vehumet.
 32124 | Orc:2    | Killed Erolcha
 32140 | Orc:2    | Found Egiosud's Distillery.
 32145 | Orc:2    | Paralysed by an orc sorcerer for 7 turns
 32222 | Orc:2    | Found Teipaf's Book Shoppe.
 32440 | Orc:2    | Received a gift from Trog
 32686 | Orc:2    | Found a staircase to the Elven Halls.
 32768 | Orc:2    | Found Yqisku's Antique Weapon Shoppe.
 32777 | Orc:2    | Found an ancient bone altar of Kikubaaqudgha.
 32795 | Orc:2    | Found Egiosud's Distillery.
 32802 | Orc:2    | Found Teipaf's Book Shoppe.
 32825 | Orc:2    | Found a radiant altar of Vehumet.
 32845 | Orc:2    | Found Ceosh's Book Emporium.
 33132 | Snake:1  | Entered Level 1 of the Snake Pit
 33737 | Snake:1  | Found Icetz's Neck Hole.
 34102 | Snake:2  | Reached skill level 5 in Crossbows
 34633 | Snake:2  | Received a gift from Trog
 35418 | Snake:2  | Identified the +1 robe of the Bruised Continents {Dex+3}
 35702 | Snake:3  | Noticed a nagaraja
 35740 | Snake:2  | Killed a nagaraja
 35870 | Snake:3  | Reached XP level 17. HP: 108/112 MP: 17/17
 36179 | Snake:2  | Received a gift from Trog
 36909 | Snake:4  | Entered Level 4 of the Snake Pit
 36910 | Snake:4  | Noticed Mlioglotl
 37443 | Snake:4  | Found Xipseosm's Overcharged Wands.
 37525 | Snake:4  | Noticed a lich
 37535 | Snake:4  | Killed Mlioglotl
 38096 | Snake:4  | Noticed Vashnia
 38146 | Snake:4  | Found Wacilaeg's Magic Scroll Boutique.
 38154 | Snake:4  | Found Foluhe's Jewellery Boutique.
 38372 | Snake:3  | Received a gift from Trog
 38682 | Snake:4  | Killed Vashnia
 38683 | Snake:4  | Reached skill level 15 in Fighting
 39625 | Snake:4  | Reached skill level 15 in Armour
 39625 | Snake:4  | Reached XP level 18. HP: 114/119 MP: 18/18
 39653 | Snake:4  | Received a gift from Trog
 39798 | Snake:4  | Got a serpentine rune of Zot
 40158 | Snake:4  | Upgraded the game from 0.28-a0-938-gbc3f381ebc to
                  | 0.28-a0-941-g140ffa10cf
 40326 | Swamp:1  | Entered Level 1 of the Swamp
 41398 | Swamp:2  | Identified the +0 leather armour of Wu Jian's Envy {rCorr
                  | Int+3 Dex-2 Slay+2}
 42450 | Swamp:4  | Entered Level 4 of the Swamp
 42499 | Swamp:4  | Received a gift from Trog
 43483 | Swamp:4  | Paralysed by an orc sorcerer for 6 turns
 43493 | Swamp:4  | Gained mutation: You are weak. (Str -2) [a neqoxec]
 43762 | Swamp:4  | Paralysed by an ogre mage for 6 turns
 44209 | Swamp:4  | Reached XP level 19. HP: 104/125 MP: 19/19
 44292 | Swamp:4  | Acquired the amulet of Sywoten {Reflect rC++ SH+5}
 44699 | Swamp:4  | Paralysed by a fenstrider witch for 3 turns
 44910 | Swamp:4  | Got a decaying rune of Zot
 45171 | Swamp:4  | Noticed a tentacled monstrosity
 45192 | Swamp:4  | Killed a tentacled monstrosity
 45425 | Slime:1  | Entered Level 1 of the Pits of Slime
 45435 | Slime:1  | Gained mutation: You sometimes lose the ability to read
                  | scrolls when taking damage. [a shining eye]
 45439 | Slime:1  | Gained mutation: You are clumsy. (Dex -2) [a shining eye]
 45444 | Slime:1  | Gained mutation: Armour fits poorly on your strangely
                  | shaped body. [a shining eye]
 45451 | Slime:1  | Gained mutation: You are very clumsy. (Dex -4) [a shining
                  | eye]
 45516 | Slime:1  | Received a gift from Trog
 45537 | Slime:1  | Gained mutation: You are very weak. (Str -4) [a shining
                  | eye]
 45618 | Slime:1  | Gained mutation: Your body sometimes deteriorates upon
                  | taking damage. [a shining eye]
 45622 | Slime:1  | Gained mutation: [You occasionally shout uncontrollably at
                  | your foes.] [a shining eye]
 46064 | Snake:4  | Bought a ring of resist corrosion for 400 gold pieces
 46260 | Slime:1  | Gained mutation: Your body often deteriorates upon taking
                  | damage. [a shining eye]
 46276 | Slime:1  | Gained mutation: You have large cloven feet. [a shining
                  | eye]
 46280 | Slime:1  | Gained mutation: [You are dopey. (Int -2)] [a shining eye]
 46646 | Vaults:1 | Entered Level 1 of the Vaults
 47877 | Vaults:1 | Reached skill level 10 in Crossbows
 49666 | Vaults:2 | Cast into level 3 of the Abyss (a wizard)
 49666 | Abyss:3  | Found a corrupted altar of Lugonu.
 49859 | Abyss:3  | Slain by an unseen horror

Illustrated notes

Levels and vault maps discovered:
D:1:      matt_arrival_refuge, layout_basic,
          hellmonk_ecumenical_altar_inner_sanctum
D:2:      layout_basic, serial_shops, shop, roderic_lattice_a,
          minmay_pentomino_v4
D:3:      layout_rooms, mainiacjoe_overflow_paths,
          hellmonk_ghost_happy_afterlife, uniq_terence
D:4:      layout_cave_pools, st_stairs_10
D:5:      layout_basic, minmay_temple_entry_statues_pillars, serial_shops, shop
D:6:      layout_rooms, overflow_temple_1_default,
          lightli_ossuary_entry_decrepit_ruins, ebering_ghost_sewer_d,
          uniq_duvessa, uniq_sigmund
D:7:      layout_loops_cross, uniq_menkaure
D:8:      layout_basic, overflow_temple_1_default, nicolae_wooded_promenade,
          kennysheep_generic_room_11, uniq_erica
D:9:      layout_loops_ring, grunt_temple_overflow_open, dpeg_lair_monsters,
          minmay_guarded_unrand_variability
D:10:     layout_loops_cross, zin_scriptorium, zombieorc2_lemuel, uniq_fannar,
          uniq_nergalle
D:11:     layout_irregular_city, serial_shops, nicolae_take_the_stairs
D:12:     erik_rubicon_b, layout_stronghold
D:13:     layout_basic, worldfamousw_hep_ancestral_shrine
D:14:     layout_basic, hangedman_vaults_entry_quadrant_bands,
          nicolae_ru_the_path_less_chosen
D:15:     hangedman_depths_entry_civil_slaughter, layout_basic,
          hangedman_decor_peaks_small
Temple:   minmay_freezing_vapour_temple
Lair:1:   layout_misc_corridors, special_room [special_room_bee],
          lemuel_fruit_fields
Lair:2:   layout_gridlike, bobbens_dragon_lair_wall, uniq_sonja
Lair:3:   layout_regular_city, swamp_mist, lemuel_fruit_tree,
          serial_bayou_shore_a, grunt_megastairs_3
Lair:4:   layout_regular_city, dummy_snake_entry, lemuel_fruit_fields
Lair:5:   nzn_winding_woodlands_stair_cross
          [nzn_winding_woodlands_5x15_longhouse,
          nzn_winding_woodlands_center_pierced_h,
          nzn_winding_woodlands_5x15_lazy_stream,
          nzn_winding_woodlands_hourglass, nzn_winding_woodlands_5x5_default,
          nzn_winding_woodlands_5x15_parted,
          nzn_winding_woodlands_center_diamonds,
          nzn_winding_woodlands_5x15_pockets], layout_cave_pods, slime_altar_1,
          grunt_megastairs_5, infiniplex_staircase_pool
Lair:6:   due_jungle_book, layout_long_grid, serial_bayou_pond_e,
          grunt_megastairs_2, uniq_nessos
Swamp:1:  layout_basic_swamp, serial_swamp_ruin, evilmike_swamp_ruin_house_1,
          evilmike_swamp_ruin_house_2
Swamp:2:  layout_basic_swamp, evilmike_swamp_ruin_house_4
Swamp:3:  layout_basic_swamp, nicolae_swamp_little_tower
Swamp:4:  nzn_swamp_witches_coven, layout_basic_swamp
Snake:1:  layout_cave_pods, drop_trap, nicolae_shop_sticking_my_neck_out
Snake:2:  layout_layer_cave, hangedman_snake_corridor_split, grunt_megastairs_4
Snake:3:  layout_onion_interference
Snake:4:  johnstein_snake_rune_scales, layout_chambers,
          nicolae_shop_overcharged_wands, minmay_shop_star, uniq_mlioglotl,
          uniq_vashnia
Slime:1:  layout_caves
Slime:2:  layout_caves
Orc:1:    layout_diamond_mine, minmay_orc_temple_a, uniq_maurice
Orc:2:    kennysheep_orc_mage_school, layout_caves
Vaults:1: v_misc_24, hangedman_vaults_pinch, nicolae_vaults_big_ls,
          nicolae_vaults_know_your_exits, vaults_room_pool, v_alt_pattern_2,
          layout_vaults_omnigrid
Vaults:2: grunt_vaults_bifocal, grunt_vaults_hallway_short, v_misc_26,
          minmay_crypt_entry_simple_plaza, nicolae_vaults_shelves_hall,
          ontoclasm_vaults_misaligned, ontoclasm_vaults_eye, special_room_vaults
          [special_room_orc], hangedman_vaults_stream, nicolae_vaults_network_s,
          layout_vaults_ring
Abyss:3:  base: Elf:1, dshaligram_kb_abyss_rune_zappy_water_cross,
          evilmike_abyss_exit_9, evilmike_nicolae_abyss_rune_betentacled_crabyss

Skill      XL: |  1  2  3  4  5  6  7  8  9 10 11 12 13 14 15 16 17 18 19 |
---------------+----------------------------------------------------------+-----
Axes           | 3 4 5 6 7 8 9 10 11 12 13 | 13.4
Dodging        | 2 3 4 5 6 7 8 9 10 11 12 13 | 13.0
Fighting       | 4 5 6 7 8 9 10 11 12 13 14 15 16 | 16.8
Armour         | 3 4 5 6 8 9 10 11 12 13 14 15 16 | 16.5
Slings         | 1 2 4 5 6 7 8 9 10 | 10.4
Maces & Flails | 1 3 4 5 |  5.7
Shields        | 1 4 6 7 9 10 11 12 13 14 | 14.5
Crossbows      | 3 6 7 9 10 | 10.0

Action                   |  1- 3 |  4- 6 |  7- 9 | 10-12 | 13-15 | 16-18 | 19-21 || total
-------------------------+-------+-------+-------+-------+-------+-------+-------++-------
Melee: Hand axe          |   110 |    23 |       |  1008 |  1818 |  2829 |   931 ||  6719
       Whip              |       |    82 |   506 |    32 |   140 |    55 |       ||   815
       Broad axe         |       |       |       |       |    22 |       |       ||    22
       Unarmed           |       |       |       |       |       |     1 |       ||     1
 Fire: Hunting sling     |     9 |     9 |    17 |     2 |    46 |       |       ||    83
       Hand crossbow     |       |       |       |       |     8 |    44 |    13 ||    65
Invok: Berserk           |       |     1 |     3 |     4 |     2 |     5 |       ||    15
       Trog's Hand       |       |     1 |     1 |     6 |     3 |     6 |     3 ||    20
Evoke: Wand              |       |       |       |     2 |     2 |       |       ||     4
  Use: Scroll            |       |       |     9 |     7 |     7 |     6 |     2 ||    31
       Potion            |       |       |       |     2 |     4 |     4 |     2 ||    12
 Stab: Distracted        |       |       |       |       |     1 |       |       ||     1
Armor: Animal skin       |     5 |       |       |       |       |       |       ||     5
       Ring mail         |    46 |    26 |       |       |       |       |       ||    72
       Scale mail        |       |    33 |   401 |   530 |  1115 |  1520 |   640 ||  4239
Dodge: Dodged            |    71 |    61 |   405 |   649 |  1060 |   966 |   382 ||  3594
Block: Buckler           |       |       |    12 |   111 |       |       |       ||   123
       Kite shield       |       |       |       |   298 |  1069 |  1704 |   620 ||  3691
       Reflection        |       |       |       |    10 |    25 |   182 |    27 ||   244

Table legend: (Time is in decaauts)
 A = Elapsed time spent in this place.
 B = Non-inter-level travel time spent in this place.
 C = Inter-level travel time spent in this place.
 D = Time resting spent in this place.
 E = Time spent auto-exploring this place.
 F = Levels seen in this place.
 G = Mean time per level.
                   A        B        C        D        E       F      G
               +--------+--------+--------+--------+--------+-----+--------+
         Total |  49072 |  45363 |   3709 |   9011 |  16107 |  37 | 1326.3 |
       Dungeon |  22363 |  20440 |   1923 |   4955 |   8508 |  15 | 1490.9 |
        Temple |    241 |    241 |      0 |    240 |      0 |   1 |  241.0 |
          Lair |  10067 |   9082 |    985 |   1599 |   2958 |   6 | 1677.8 |
         Swamp |   4654 |   4380 |    274 |    923 |    850 |   4 | 1163.5 |
     Snake Pit |   7070 |   6621 |    449 |   1080 |   2870 |   4 | 1767.5 |
    Slime Pits |    316 |    313 |      3 |      0 |      0 |   2 |  158.0 |
  Orcish Mines |   1726 |   1687 |     39 |     28 |    921 |   2 |  863.0 |
        Vaults |   2484 |   2450 |     34 |    184 |      0 |   2 | 1242.0 |
         Abyss |    149 |    149 |      0 |      0 |      0 |   1 |  149.0 |
               +--------+--------+--------+--------+--------+-----+--------+

Top non-repeatable levels by time:
  Lair:5: 2494 daAuts
     D:8: 2488 daAuts
 Snake:2: 2223 daAuts
 Snake:4: 2089 daAuts
Vaults:1: 1983 daAuts
  Lair:6: 1974 daAuts
  Lair:1: 1930 daAuts
    D:14: 1833 daAuts
    D:10: 1808 daAuts
     D:7: 1760 daAuts
 Swamp:4: 1621 daAuts
 Snake:3: 1582 daAuts
     D:3: 1579 daAuts
     D:4: 1532 daAuts
     D:5: 1454 daAuts
